 Dungeon Crawl Stone Soup version 0.23-a0-405-g368ce00 (webtiles) character file.

36143 Jeffwins the Spear-Bearer (level 13, 0/84 HPs)
             Began as an Octopode Fighter on Nov 6, 2018.
             Was a High Priest of Kikubaaqudgha.
             Slain by a death yak (24 damage)
             ... on level 6 of the Lair of Beasts.
             The game lasted 00:54:47 (23843 turns).

Jeffwins the Spear-Bearer (Octopode Fighter)       Turns: 23843, Time: 00:54:48

Health: 0/84       AC:  1    Str: 15    XL:     13   Next: 88%
Magic:  14/33      EV: 20    Int: 15    God:    Kikubaaqudgha [*****.]
Gold:   679        SH: 14    Dex: 17    Spells: 2/26 levels left

rFire    . . .     SeeInvis .   a - +1 trident (protect)
rCold    . . .     Gourm    .   i - +3 buckler {reflect}
rNeg     . . .     Faith    .   (helmet restricted)
rPois    .         Spirit   .   b - +5 amulet of reflection
rElec    .         Reflect  +   X - +5 ring of dexterity
rCorr    .         Harm     .   W - ring of magical power
MR       +....     Clarity  +   M - ring of protection from magic
Stlth    +++.......             (no ring)
HPRegen  0.24/turn              L - ring of flight
MPRegen  0.23/turn              (no ring)
                                (no ring)
                                (no ring)

@: no status effects
A: almost no armour, stealthy swim, amphibious, 8 rings, constrict 8, camouflage
1, clarity, robust 1, wild magic 1, gelatinous body 1
a: Receive Corpses, Torment, Renounce Religion, Evoke Flight


You were on level 6 of the Lair of Beasts.
You worshipped Kikubaaqudgha.
Kikubaaqudgha was extremely pleased with you.
You were very hungry.

You visited 3 branches of the dungeon, and saw 19 of its levels.
You also visited: Volcano.

You collected 1185 gold pieces.
You spent 506 gold pieces at shops.


Innate Abilities, Weirdness & Mutations

You cannot wear most types of armour.
You are very stealthy in the water. (Stealth+)
You are amphibious.
You can wear up to eight rings at the same time.
You can use your tentacles to constrict eight enemies at once.
Your skin changes colour to match your surroundings (Stealth+).
Your rubbery body absorbs attacks. (AC +1, EV +1)
You possess an exceptional clarity of mind.
You are robust. (+10% HP)
Your spells are a little harder to cast, but a little more powerful.


   Skills:
 - Level 3.0 Fighting
 * Level 12.6 Polearms
 - Level 4.0 Throwing
 + Level 9.6 Dodging
 - Level 5.0 Shields
 + Level 7.4 Spellcasting
 - Level 4.0 Conjurations
 + Level 0.2 Charms
 - Level 8.0 Summonings
 + Level 6.5 Necromancy
 - Level 4.0 Translocations
 - Level 8.0 Air Magic
 + Level 0.5 Earth Magic
 - Level 4.0 Poison Magic


You had 2 spell levels left.
You knew the following spells:

 Your Spells              Type           Power        Failure   Level  Hunger
d - Animate Dead          Necr           N/A          13%         4    ####...
e - Regeneration          Chrm/Necr      ###.......   14%         3    ##.....
f - Call Canine Familiar  Summ           #####...     2%          3    ##.....
l - Summon Lightning Spi  Summ/Air       #####...     8%          4    ####...
m - Mephitic Cloud        Conj/Pois/Air  ####....     7%          3    ##.....
v - Borgnjor's Vile Clut  Necr/Erth      ###.......   71%         5    #####..
I - Blink                 Tloc           N/A          6%          2    None

Your spell library contained the following spells:

 Spells                   Type           Power        Failure   Level  Hunger
 Animate Skeleton         Necr           N/A          1%          1    None
 Pain                     Necr           ####         1%          1    None
 Summon Small Mammal      Summ           ####         1%          1    None
 Call Imp                 Summ           #####...     1%          2    None
 Sublimation of Blood     Necr           ####......   2%          2    None
 Poisonous Vapours        Pois/Air       ####..       3%          2    None
 Apportation              Tloc           ###...       4%          1    None
 Magic Dart               Conj           ###.         4%          1    None
 Sting                    Conj/Pois      ###.         4%          1    None
 Flame Tongue             Conj/Fire      ###..        9%          1    None
 Throw Flame              Conj/Fire      ###...       13%         2    None
 Beastly Appendage        Tmut           #.....       19%         1    None
 Confusing Touch          Hex            #.....       19%         1    None
 Slow                     Hex            #.......     26%         2    None
 Sticks to Snakes         Tmut           #.......     26%         2    None
 Vampiric Draining        Necr           ####......   4%          3    ##.....
 Summon Guardian Golem    Hex/Summ       ###.....     12%         3    ##.....
 Conjure Flame            Conj/Fire      ###.....     24%         3    ##.....
 Spider Form              Tmut/Pois      ###.......   24%         3    ##.....
 Olgreb's Toxic Radiance  Pois           ###.....     32%         4    ####...
 Summon Ice Beast         Ice/Summ       ###.....     32%         4    ####...
 Agony                    Necr           ####....     32%         5    #####..
 Dispel Undead            Necr           ####....     32%         5    #####..
 Inner Flame              Hex/Fire       #.......     45%         3    ##.....
 Sticky Flame             Conj/Fire      ###.....     58%         4    ####...
 Venom Bolt               Conj/Pois      ###.......   65%         5    #####..
 Excruciating Wounds      Chrm/Necr      ###.......   73%         5    #####..
 Ice Form                 Ice/Tmut       #.......     83%         4    ####...
 Fireball                 Conj/Fire      ###.......   88%         5    #####..
 Blade Hands              Tmut           #.........   99%         5    #####..
 Freezing Cloud           Conj/Ice/Air   ###.......   99%         6    #######
 Simulacrum               Ice/Necr       ###.......   99%         6    #######
 Ring of Flames           Chrm/Fire      #.........   100%        7    #######

Inventory:

Hand Weapons
 a - a +1 trident of protection (weapon)
 S - a +2 glaive of flaming
 T - a +4 blowgun {@w1}
 V - a +1 fustibalus of flaming
Missiles
 g - 197 arrows
 h - 479 stones
 m - 6 throwing nets {=f}
 u - 96 poisoned needles
 C - 160 sling bullets
 G - 125 bolts
 J - 32 tomahawks (quivered)
 O - 7 javelins
Armour
 i - a +3 buckler of reflection (worn)
 l - a +0 shield
Jewellery
 b - a +5 amulet of reflection (around mantle)
 L - a ring of flight (on tentacle)
 M - a ring of protection from magic (on tentacle)
 W - a ring of magical power (right tentacle)
 X - a +5 ring of dexterity (left tentacle)
Wands
 r - a wand of acid (9)
 y - a wand of iceblast (3)
 E - a wand of polymorph (10)
 I - a wand of digging (2)
 N - a wand of flame (18)
 Y - a wand of paralysis (7)
Scrolls
 d - 6 scrolls of teleportation {@r4}
 j - 4 scrolls of enchant weapon
 n - 7 scrolls of remove curse {@r2}
 o - 4 scrolls of fear
 p - 2 scrolls of holy word
 q - a scroll of amnesia
 F - a scroll of immolation {!r}
 K - 2 scrolls of fog
 P - 3 scrolls of enchant armour
 Q - a scroll of identify {@r1}
Potions
 c - 4 potions of might
 k - a potion of agility
 s - a potion of invisibility
 t - 6 potions of brilliance
 v - 3 potions of magic
 w - a potion of cancellation
 x - 3 potions of lignification {!q}
 A - 7 potions of curing {@q1}
 B - 6 potions of flight
 D - 4 potions of haste {@q3}
 H - a potion of ambrosia
 R - a potion of resistance
 Z - 2 potions of mutation {!q}
Miscellaneous
 z - a phial of floods (inert)
Comestibles
 e - 37 rations {@e1}
 f - a chunk of flesh

Dungeon Overview and Level Annotations

Branches:
Dungeon (12/15)            Temple (1/1) D:6            Lair (6/6) D:11
  Swamp (0/4) Lair:3        Snake (0/4) Lair:4        Slime (0/5) Lair:5
    Orc (0/2) D:10

Altars:
Ashenzari
Cheibriados
Dithmenos
Elyvilon
Fedhas
Gozag
Hepliaklqana
Kikubaaqudgha
Makhleb
Nemelex Xobeh
Okawaru
Qazlal
Ru
Sif Muna
Trog
Uskayaw
Vehumet
Wu Jian
Xom
Yredelemnul
Zin
The Shining One
Lugonu

Shops:
D:8 !

Annotations:
D:6 2 transporters, rjrrt's ghost, novice MiHu

..P..P.......#.#......PP.P..PPP
.P.P........................PP.
.PP.##..............##P.......
..### ....................
..............................
(PP..P...............#.#.....##.
.##....................P...#...#
................................
............#...@Y...P.P........
.................Y.YYY..........
..........#.P..YZ.ZP..P...Y.Y...
.....<......!......Y.YYY........
P...#.................Y....Y.#..
..Z.............................
P#PPP........#..##...#...##..###
########################## ###


You could see 9 death yaks, 2 yaks, a friendly death yak zombie and a friendly
spiny frog zombie.


Message History

Your spiny frog zombie hits the death yak.
The death yak gores your hippogriff zombie!!
The death yak gores you!!
* * * LOW HITPOINT WARNING * * *
Your death yak zombie gores the death yak.
Your hippogriff zombie bites the death yak.
Your hippogriff zombie barely misses the death yak.
Your hippogriff zombie claws the death yak.
Unknown command.
The death yak gores your hippogriff zombie.
Your hippogriff zombie is destroyed!
The death yak gores you!
* * * LOW HITPOINT WARNING * * *
The death yak bellows!
Unknown command.
As you read the scroll of fear, it crumbles to dust.
You assume a fearsome visage.
Your spiny frog zombie is unaffected.
Your death yak zombie is unaffected.
The death yak looks frightened!
The death yak resists with almost no effort.
The death yak looks frightened! x2
The death yak resists with almost no effort. x3
The death yak easily resists.
The death yak resists with almost no effort.
The yak looks frightened!
The yak easily resists.
The yak looks frightened!
You block the death yak's attack.
Your spiny frog zombie hits the death yak.
The death yak gores you!!
You die...
Kikubaaqudgha rasps: "You have failed me!
Welcome... death!"

Skill      XL: |  1  2  3  4  5  6  7  8  9 10 11 12 13 |
---------------+----------------------------------------+-----
Polearms       | 3 4 5 6 7 8 9 10 11 12 | 12.6
Dodging        | 4 5 6 7 8 9 |  9.6
Shields        | 4 5 |  5.0
Spellcasting   | 1 2 3 4 5 6 7 |  7.4
Summonings     | 1 2 3 4 5 6 8 |  8.0
Air Magic      | 1 3 4 6 7 8 |  8.0
Throwing       | 1 2 3 4 |  4.0
Poison Magic   | 2 4 |  4.0
Conjurations   | 1 3 4 |  4.0
Necromancy     | 2 3 5 6 |  6.5
Translocations | 1 3 4 |  4.0
Fighting       | |  3.0
Charms         | |  0.2
Earth Magic    | |  0.5

Action                   |  1- 3 |  4- 6 |  7- 9 | 10-12 | 13-15 || total
-------------------------+-------+-------+-------+-------+-------++-------
Melee: Trident           |    72 |   126 |   349 |   827 |   407 ||  1781
       Constrict         |    11 |    29 |    46 |    90 |    31 ||   207
       Tentacles         |     5 |    25 |    63 |   176 |   102 ||   371
Throw: Tomahawk          |       |       |       |     1 |     1 ||     2
 Cast: Summon Lightning  |       |       |     7 |    50 |    22 ||    79
       Call Canine Famil |       |       |     6 |     6 |     7 ||    19
       Mephitic Cloud    |       |       |     2 |    28 |    14 ||    44
       Animate Dead      |       |       |       |       |     5 ||     5
Invok: Receive Corpses   |       |       |       |       |    11 ||    11
Evoke: Wand              |       |       |     1 |    11 |     5 ||    17
       Phial of floods   |       |       |       |     1 |     1 ||     2
  Use: Potion            |       |     3 |     1 |     7 |     2 ||    13
       Scroll            |       |       |    13 |    14 |     5 ||    32
 Stab: Sleeping          |    12 |     8 |    11 |     5 |     3 ||    39
       Distracted        |       |       |     2 |    12 |     6 ||    20
       Confused          |       |       |       |    16 |    18 ||    34
  Eat: Chunk             |     1 |     7 |    15 |    37 |    20 ||    80
       Ration            |       |       |     1 |     3 |     2 ||     6
Armor: Skin              |     3 |    11 |     5 |    51 |    22 ||    92
Dodge: Dodged            |    18 |    51 |   111 |   222 |   162 ||   564
Block: Shield            |     3 |       |       |       |       ||     3
       Buckler           |    13 |    70 |   117 |   358 |   181 ||   739
       Reflection        |     2 |     1 |     8 |    20 |     2 ||    33

Vault maps used:
D:1:      nicolae_arrival_washed_ashore
D:2:      nicolae_ru_path_of_blood
D:3:      lemuel_crystal_altar, lemuel_crystal_altar
D:4:      first_ration
D:5:      cheibrodos_helix_gallery, minitemple
D:6:      minmay_temple_entry_hall, gammafunk_ghost_hive, uniq_sigmund
D:7:      uniq_duvessa
D:8:      marbit_many_paths, gammafunk_temple_overflow_wave, serial_shops, shop
D:9:      nicolae_overflow_hidden_temple, basic_altar
D:10:     david_orc_2, grunt_ogre_cave
D:11:     david_lair_shrubbed, bh_chokoban, chequers_serial_rivers_marsh,
          lemuel_another_geyser
D:12:     minmay_checkered_concentric_circles, uniq_fannar
Temple:   kb_corrupted_temple
Lair:2:   enter_volcano_2, lemuel_fruit_fields
Lair:3:   beast_lair_carwin_large_2, nicolae_swamp_entry_splash_gauntlet,
          serial_rivers, chequers_serial_rivers_micro_e,
          chequers_serial_rivers_large_b, chequers_serial_rivers_small_b,
          chequers_serial_rivers_micro_b, chequers_serial_rivers_micro_e,
          chequers_serial_rivers_micro_a, uniq_urug
Lair:4:   minmay_snake_entry_guardpost_small, kennysheep_catoblepas_arena
Lair:5:   minmay_slime_entry_oklob_enclosed, uniq_rupert
Lair:6:   evilmike_catoblepas_cave, grunt_forest_small_clearing_treed,
          lemuel_fruit_tree, grunt_megastairs_3
Volcano:  volcano_pools

Notes
Turn   | Place    | Note
-------+----------+-------------------------------------------
     0 | D:1      | Jeffwins the Octopode Fighter began the quest for the Orb.
     0 | D:1      | Reached XP level 1. HP: 16/16 MP: 1/1
    96 | D:1      | Reached XP level 2. HP: 21/21 MP: 2/2
   309 | D:1      | Reached XP level 3. HP: 26/26 MP: 3/3
   709 | D:1      | Reached skill level 3 in Polearms
  1066 | D:2      | Reached XP level 4. HP: 24/31 MP: 4/4
  1731 | D:2      | Found a sacrificial altar of Ru.
  1776 | D:2      | Reached XP level 5. HP: 36/36 MP: 5/5
  2025 | D:3      | Reached skill level 4 in Polearms
  2038 | D:3      | Reached skill level 4 in Dodging
  2043 | D:3      | Reached skill level 4 in Shields
  2508 | D:3      | Found an iron altar of Okawaru.
  2530 | D:3      | Reached XP level 6. HP: 42/42 MP: 6/6
  2546 | D:3      | Found a deep blue altar of Sif Muna.
  3324 | D:4      | Reached skill level 5 in Polearms
  3347 | D:4      | Reached XP level 7. HP: 18/46 MP: 7/7
  3973 | D:4      | Learned a level 4 spell: Summon Lightning Spire
  4115 | D:5      | Entered Level 5 of the Dungeon
  4140 | D:4      | Reached skill level 6 in Polearms
  4140 | D:4      | Reached skill level 5 in Dodging
  4180 | D:5      | Reached skill level 5 in Shields
  4247 | D:5      | Found a shattered altar of Ashenzari.
  4261 | D:5      | Reached skill level 1 in Spellcasting
  4261 | D:5      | Reached skill level 1 in Summonings
  4261 | D:5      | Reached skill level 1 in Air Magic
  4261 | D:5      | Reached XP level 8. HP: 43/52 MP: 9/9
  4312 | D:5      | Found a sacrificial altar of Ru.
  4333 | D:5      | Found a basalt altar of Yredelemnul.
  4333 | D:5      | Found a snail-covered altar of Cheibriados.
  4334 | D:5      | Found a burning altar of Makhleb.
  4336 | D:5      | Found a glowing golden altar of the Shining One.
  4337 | D:5      | Found an ornate altar of the Wu Jian Council.
  4496 | D:5      | Reached skill level 2 in Summonings
  4496 | D:5      | Reached skill level 2 in Air Magic
  4662 | D:5      | Learned a level 3 spell: Call Canine Familiar
  4879 | D:5      | Reached skill level 2 in Spellcasting
  4908 | D:5      | Reached skill level 7 in Polearms
  5618 | D:6      | Noticed Sigmund
  5633 | D:6      | Killed Sigmund
  5633 | D:6      | Reached skill level 1 in Throwing
  5633 | D:6      | Reached skill level 3 in Air Magic
  5633 | D:6      | Reached XP level 9. HP: 42/56 MP: 13/13
  5787 | D:6      | Reached skill level 3 in Summonings
  5813 | D:6      | Found a staircase to the Ecumenical Temple.
  5819 | Temple   | Entered the Ecumenical Temple
  6030 | D:6      | Found a transporter.
  6033 | D:6      | Found a transporter.
  6076 | D:6      | Noticed rjrrt's ghost (novice MiHu)
  6202 | D:6      | Reached skill level 6 in Dodging
  6207 | D:6      | Learned a level 3 spell: Mephitic Cloud
  6366 | D:6      | Reached skill level 3 in Spellcasting
  6700 | D:6      | Reached skill level 2 in Throwing
  6700 | D:6      | Reached skill level 1 in Poison Magic
  6877 | D:7      | Reached skill level 8 in Polearms
  6877 | D:7      | Reached skill level 1 in Conjurations
  7257 | D:7      | Noticed Duvessa
  7259 | D:7      | Noticed Dowan
  7264 | D:7      | Killed Duvessa
  7267 | D:7      | Killed Dowan
  7307 | D:7      | Reached skill level 2 in Poison Magic
  7713 | D:7      | Reached skill level 4 in Air Magic
  8303 | D:8      | Reached XP level 10. HP: 30/63 MP: 15/15
  8544 | D:8      | Reached skill level 3 in Throwing
  8544 | D:8      | Reached skill level 2 in Conjurations
  8544 | D:8      | Reached skill level 4 in Summonings
  8751 | D:8      | Found an ancient bone altar of Kikubaaqudgha.
  8751 | D:8      | Found an opulent altar of Gozag.
  8755 | D:8      | Became a worshipper of Kikubaaqudgha
  8988 | D:8      | Found a hide-covered altar of Uskayaw.
  9061 | D:8      | Reached skill level 3 in Poison Magic
  9273 | D:8      | Found Eqesauhi's Distillery.
  9292 | D:8      | Bought a potion of mutation for 88 gold pieces
  9292 | D:8      | Bought a potion of cancellation for 88 gold pieces
  9292 | D:8      | Bought a potion of heal wounds for 55 gold pieces
  9292 | D:8      | Bought a potion of haste for 110 gold pieces
  9292 | D:8      | Bought a potion of mutation for 88 gold pieces
  9292 | D:8      | Gained mutation: You are frail. (-10% HP) [potion of
                  | mutation]
  9292 | D:8      | Gained mutation: One of your tentacles bears a spike.
                  | [potion of mutation]
  9294 | D:8      | Lost mutation: One of your tentacles bears a spike. [potion
                  | of mutation]
  9294 | D:8      | Lost mutation: You are frail. (-10% HP) [potion of
                  | mutation]
  9294 | D:8      | Gained mutation: Scrolls take you a little longer to read.
                  | [potion of mutation]
  9294 | D:8      | Gained mutation: Your spells are a little harder to cast,
                  | but a little more powerful. [potion of mutation]
  9294 | D:8      | Gained mutation: One of your tentacles bears a spike.
                  | [potion of mutation]
  9295 | D:8      | Lost mutation: One of your tentacles bears a spike. [potion
                  | of mutation]
  9295 | D:8      | Lost mutation: Your spells are a little harder to cast, but
                  | a little more powerful. [potion of mutation]
  9295 | D:8      | Lost mutation: Scrolls take you a little longer to read.
                  | [potion of mutation]
  9295 | D:8      | Gained mutation: Your spells are a little harder to cast,
                  | but a little more powerful. [potion of mutation]
  9295 | D:8      | Gained mutation: You possess an exceptional clarity of
                  | mind. [potion of mutation]
  9295 | D:8      | Gained mutation: You are robust. (+10% HP) [potion of
                  | mutation]
  9297 | D:8      | Bought a potion of brilliance for 44 gold pieces
  9297 | D:8      | Bought a potion of curing for 33 gold pieces
  9448 | D:9      | Found a sacrificial altar of Ru.
  9683 | D:9      | Reached * piety under Kikubaaqudgha
  9683 | D:9      | Identified Kikubaaqudgha's Collected Works on Stolen Souls
                  | (Kikubaaqudgha gifted it to you on level 9 of the Dungeon)
  9683 | D:9      | Received a gift from Kikubaaqudgha
  9833 | D:9      | Found a shadowy altar of Dithmenos.
  9944 | D:9      | Reached skill level 4 in Spellcasting
 10092 | D:10     | Entered Level 10 of the Dungeon
 10116 | D:10     | Reached skill level 1 in Necromancy
 10235 | D:10     | Learned a level 2 spell: Blink
 10463 | D:10     | Learned a level 4 spell: Animate Dead
 10488 | D:10     | Found a staircase to the Orcish Mines.
 10501 | D:10     | Reached skill level 9 in Polearms
 10502 | D:10     | Reached ** piety under Kikubaaqudgha
 11295 | D:11     | Reached skill level 3 in Conjurations
 11303 | D:11     | Reached skill level 7 in Dodging
 11316 | D:11     | Noticed a white ugly thing
 11331 | D:11     | Killed a white ugly thing
 11331 | D:11     | Reached skill level 1 in Translocations
 11344 | D:11     | Reached skill level 4 in Poison Magic
 11453 | D:11     | Reached skill level 2 in Necromancy
 11453 | D:11     | Reached XP level 11. HP: 73/73 MP: 17/17
 11816 | D:11     | Reached skill level 5 in Air Magic
 11883 | D:11     | Reached skill level 4 in Throwing
 12157 | D:11     | Noticed a cyclops
 12180 | D:11     | Killed a cyclops
 12180 | D:11     | Reached skill level 5 in Summonings
 12184 | D:11     | Reached *** piety under Kikubaaqudgha
 12184 | D:11     | Identified Kikubaaqudgha's Handbook of Necromancy
                  | (Kikubaaqudgha gifted it to you on level 11 of the Dungeon)
 12184 | D:11     | Received a gift from Kikubaaqudgha
 12227 | D:11     | Noticed a brown ugly thing
 12229 | D:12     | Noticed a five-headed hydra
 12231 | D:11     | HP: 6/73 [acid (12)]
 12838 | D:11     | Found a staircase to the Lair.
 12902 | Lair:1   | Entered Level 1 of the Lair of Beasts
 12939 | Lair:1   | Reached skill level 2 in Translocations
 13153 | Lair:1   | Noticed an eight-headed hydra
 13159 | Lair:1   | Killed an eight-headed hydra
 13444 | Lair:1   | Reached skill level 3 in Necromancy
 13457 | Lair:1   | Reached skill level 4 in Conjurations
 13918 | Lair:1   | Reached skill level 5 in Spellcasting
 14228 | Lair:1   | Reached skill level 10 in Polearms
 14474 | Lair:2   | Found a dark tunnel.
 14483 | Volcano  | Entered a volcano
 14498 | Volcano  | Noticed an ogre mage
 14498 | Volcano  | Noticed a two-headed ogre
 14498 | Volcano  | Noticed a two-headed ogre
 14504 | Volcano  | Killed a two-headed ogre
 14504 | Volcano  | Reached skill level 3 in Translocations
 14506 | Volcano  | Killed an ogre mage
 14508 | Volcano  | Killed a two-headed ogre
 14508 | Volcano  | Reached skill level 6 in Air Magic
 14541 | Volcano  | Noticed a two-headed ogre
 14541 | Volcano  | Noticed a hell knight
 14557 | Volcano  | Killed a two-headed ogre
 14557 | Volcano  | Reached **** piety under Kikubaaqudgha
 14557 | Volcano  | Reached XP level 12. HP: 49/79 MP: 13/20
 14562 | Volcano  | Killed a hell knight
 14717 | Volcano  | Noticed a two-headed ogre
 14726 | Volcano  | Killed a two-headed ogre
 14726 | Volcano  | Reached skill level 8 in Dodging
 14726 | Volcano  | Reached skill level 6 in Summonings
 14726 | Volcano  | Reached skill level 4 in Necromancy
 14749 | Volcano  | Noticed a two-headed ogre
 15209 | Lair:2   | Reached skill level 4 in Translocations
 16211 | Lair:3   | Noticed Urug
 16491 | Lair:3   | Killed Urug
 16491 | Lair:3   | Reached skill level 11 in Polearms
 16491 | Lair:3   | Reached skill level 6 in Spellcasting
 16621 | Lair:3   | Noticed a five-headed hydra
 17337 | Lair:3   | Killed a five-headed hydra
 17361 | Lair:3   | Identified a potion of resistance
 17660 | Lair:3   | Reached skill level 5 in Necromancy
 17732 | Lair:3   | Reached skill level 7 in Air Magic
 17744 | Lair:3   | Reached ***** piety under Kikubaaqudgha
 17949 | Lair:3   | Reached XP level 13. HP: 55/84 MP: 22/22
 18397 | Lair:3   | Reached skill level 7 in Summonings
 19127 | Lair:3   | Found a staircase to the Swamp.
 19835 | Lair:4   | Reached skill level 9 in Dodging
 20394 | Lair:4   | Found a staircase to the Snake Pit.
 20549 | Lair:4   | HP: 5/84 [eight-headed hydra (10)]
 20556 | Lair:4   | HP: 4/84 [poisoned by a water moccasin]
 20563 | Lair:4   | HP: 3/84 [poisoned by a water moccasin]
 20571 | Lair:4   | HP: 3/84 [poisoned by a water moccasin]
 21077 | Lair:4   | Reached skill level 12 in Polearms
 21535 | Lair:4   | Reached skill level 6 in Necromancy
 21905 | Lair:5   | Reached skill level 7 in Spellcasting
 22998 | Lair:5   | Noticed Rupert
 23015 | Lair:5   | Killed Rupert
 23015 | Lair:5   | Reached skill level 8 in Air Magic
 23194 | Lair:5   | Found a staircase to the Slime Pits.
 23575 | Lair:6   | Entered Level 6 of the Lair of Beasts
 23656 | Lair:6   | Learned a level 3 spell: Regeneration
 23662 | Lair:6   | Learned a level 5 spell: Borgnjor's Vile Clutch
 23822 | Lair:6   | Reached skill level 8 in Summonings
 23843 | Lair:6   | Slain by a death yak

Vanquished Creatures
  2 catoblepae (Lair:4)
  3 hydras
  3 two-headed ogres (Volcano)
  An ogre mage (Volcano)
  A hell knight (Volcano)
  An ugly thing (D:11)
  A cyclops (D:11)
  A centaur zombie (D:10)
  2 elephants (Lair:3)
  A black mamba (Lair:6)
  A torpor snail (Lair:1)
  7 spiny frogs
  8 komodo dragons
  3 polar bears (Lair:3)
  A queen bee (Lair:1)
  8 hippogriffs
  3 dream sheep (Lair:6)
  8 blink frogs
  2 bog bodies (Lair:3)
  Sigmund (D:6)
  A wyvern (Lair:4)
  26 yaks
  A hungry ghost (D:11)
  A steam dragon (D:11)
  3 nagas (Lair:4)
  9 water moccasins
  7 porcupines
  2 ice beasts
  2 orc warriors
  2 black bears (Lair:3)
  3 phantoms
  9 ogres
  2 centaurs
  A necrophage (D:11)
  6 wolves
  6 crocodiles
  3 big kobolds
  9 bullfrogs
  Dowan (D:7)
  4 scorpions (D:5)
  5 killer bees (D:8)
  3 howler monkeys
  8 wights
  An electric eel (Lair:3)
  A crimson imp (D:11)
  A bullfrog zombie (D:7)
  8 orc priests
  5 hounds
  A bullfrog skeleton (D:5)
  A centaur skeleton (D:9)
  A jelly (D:9)
  15 orc wizards
  10 worker ants
  3 iguanas
  11 gnolls
  11 adders
  2 shadow imps
  3 oozes
  An adder skeleton (D:4)
  2 worms
  A dart slug (D:1)
  5 leopard geckos
  49 orcs
  2 ball pythons
  7 bats
  10 giant cockroaches
  7 goblins
  9 hobgoblins
  3 jackals (D:9)
  4 quokkas
  6 frilled lizards
  A jackal skeleton (D:4)
  30 kobolds
  A leopard gecko skeleton (D:4)
  3 rats
387 creatures vanquished.

Vanquished Creatures (collateral kills)
  Rupert (Lair:5)
  A hydra (Lair:4)
  A two-headed ogre (Volcano)
  A death yak (Lair:6)
  Urug (Lair:3)
  4 oklob plants
  4 elephants (Lair:3)
  A black mamba (Lair:4)
  A torpor snail (Lair:2)
  4 spiny frogs
  4 komodo dragons
  A rime drake (Lair:4)
  2 polar bears
  A bog body (Lair:3)
  4 blink frogs
  4 dream sheep (Lair:6)
  A hippogriff (Lair:6)
  A basilisk (Lair:3)
  8 yaks
  2 hungry ghosts
  A steam dragon (D:10)
  A swamp worm (Lair:3)
  A naga (Lair:4)
  3 porcupines
  3 water moccasins
  Duvessa (D:7)
  2 orc warriors
  A black bear (Lair:3)
  A wolf (Lair:5)
  2 crocodiles
  4 killer bees (D:8)
  A wight (D:11)
  A howler monkey (D:7)
  4 orc priests
  2 orc wizards (D:11)
  An adder (D:7)
  A shadow imp (D:8)
  An ooze (D:7)
  9 orcs
  A giant cockroach (D:8)
  11 fungi
  6 plants
105 creatures vanquished.

Vanquished Creatures (others)
  A water moccasin (D:11)
  A centaur (D:5)
  An orc (D:5)
  8 fungi
  15 plants
26 creatures vanquished.

Grand Total: 518 creatures vanquished

Table legend:
 A = Turns spent in this place as a percentage of turns spent in the entire game.
 B = Non-inter-level travel turns spent in this place as a percentage of non-inter-level travel turns spent in the entire game.
 C = Inter-level travel turns spent in this place as a percentage of turns spent in this place.
 D = Turns resting spent in this place as a percentage of non-inter-level travel turns spent in this place.
 E = Turns spent auto-exploring this place as a percentage of non-inter-level travel turns spent in this place.
 F = Non-inter-level travel turns spent in this place divided by the number of levels of this place that you've seen.
                   A       B       C       D       E      F
               +-------+-------+-------+-------+-------+----------------------
         Total | 100.0 | 100.0 |   2.8 |  42.7 |  37.6 | 1158.8
       Dungeon |  54.5 |  54.1 |   3.4 |  36.7 |  44.0 | 1045.2
        Temple |   0.5 |   0.4 |  14.0 |   0.0 |  98.1 | 104.0
          Lair |  43.7 |  44.1 |   1.9 |  50.6 |  30.1 | 1704.8
       Volcano |   1.3 |   1.3 |   0.0 |  37.7 |   0.0 | 300.0
               +-------+-------+-------+-------+-------+----------------------

Table legend:
 A = Non-vault XP
 B = Vault XP
 C = Vault XP percentage of total XP
 D = Non-vault monster count
 E = Vault monster count
 F = Vault count percentage of total count
                 A         B        C        D         E       F
            +---------+---------+-------+---------+---------+-------
      Total |   39991 |   11642 |  22.5 |     432 |      45 |   9.4
            +---------+---------+-------+---------+---------+-------
        D:1 |      53 |       0 |   0.0 |      28 |       0 |   0.0
        D:2 |     115 |       0 |   0.0 |      24 |       0 |   0.0
        D:3 |     251 |       0 |   0.0 |      26 |       0 |   0.0
        D:4 |     566 |       0 |   0.0 |      20 |       0 |   0.0
        D:5 |    1225 |     115 |   8.6 |      29 |       1 |   3.3
        D:6 |     855 |     208 |  19.6 |      16 |       1 |   5.9
        D:7 |    1026 |     135 |  11.6 |      24 |       2 |   7.7
        D:8 |    1537 |      33 |   2.1 |      33 |       1 |   2.9
        D:9 |     468 |       0 |   0.0 |      24 |       0 |   0.0
       D:10 |    1071 |     133 |  11.0 |      19 |       8 |  29.6
       D:11 |    3169 |     229 |   6.7 |      49 |       1 |   2.0
     Lair:1 |    4657 |       0 |   0.0 |      24 |       0 |   0.0
     Lair:2 |    5050 |       0 |   0.0 |      24 |       0 |   0.0
     Lair:3 |    6227 |    2580 |  29.3 |      28 |      13 |  31.7
     Lair:4 |    6460 |    1668 |  20.5 |      27 |       8 |  22.9
     Lair:5 |    4336 |    2234 |  34.0 |      22 |       4 |  15.4
     Lair:6 |    2925 |       0 |   0.0 |      15 |       0 |   0.0
    Volcano |       0 |    4307 | 100.0 |       0 |       6 | 100.0
            +---------+---------+-------+---------+---------+-------
